 Dungeon Crawl Stone Soup version 0.19-a0-1879-gd95bc26 (webtiles) character file.

1787 Minion the Grappler (level 8, 0/75 HPs)
             Began as a Troll Monk on Oct 14, 2016.
             Was a Believer of Nemelex Xobeh.
             Slain by an orc warrior
             ... wielding a +0 halberd
              (21 damage)
             ... on level 6 of the Dungeon.
             The game lasted 00:17:43 (4331 turns).

Minion the Grappler (Troll Monk)                    Turns: 4331, Time: 00:17:44

Health: 0/75       AC:  5    Str: 23    XL:     8   Next: 82%
Magic:  8/8        EV: 11    Int:  6    God:    Nemelex Xobeh [**....]
Gold:   263        SH:  0    Dex: 14    Spells: 0 memorised, 7 levels left

rFire  . . .     SeeInvis +       - Unarmed
rCold  . . .     Gourm    +     a - +0 robe
rNeg   . . .     Faith    .     (no shield)
rPois  .         Spirit   .     (helmet restricted)
rElec  .         Dismiss  .     (no cloak)
rCorr  .         Reflect  .     (gloves unavailable)
MR     .....     Harm     .     (boots unavailable)
Stlth  ++........               (no amulet)
                                m - +3 ring of strength
                                q - ring of see invisible

@: no status effects
A: unfitting armour, claws 3, fast metabolism 3, gourmand, regeneration 1,
shaggy fur 1, tough skin 2
a: Renounce Religion


You were on level 6 of the Dungeon.
You worshipped Nemelex Xobeh.
Nemelex Xobeh was pleased with you.
You were very full.

You visited 2 branches of the dungeon, and saw 7 of its levels.

You collected 263 gold pieces.

Inventory:

Armour
 a - a +0 robe (worn)
Jewellery
 m - a +3 ring of strength (right claw)
 q - a ring of see invisible (left claw)
 A - an uncursed ring of fire {unknown}
Wands
 j - a wand of digging (9/24)
 y - a wand of acid (10/15)
Scrolls
 c - 4 scrolls of identify {unknown}
 d - 2 scrolls of blinking {unknown}
 f - a scroll of remove curse {unknown}
 h - a scroll of noise {unknown}
 k - a scroll of random uselessness {unknown}
 r - 3 scrolls of enchant weapon {unknown}
 s - a scroll of recharging {unknown}
 t - a scroll of fog {unknown}
 x - a scroll of magic mapping {unknown}
 z - a scroll of amnesia {unknown}
Potions
 e - a potion of curing
 g - a potion of berserk rage {unknown}
 i - a potion of cancellation {unknown}
 l - 3 potions of heal wounds {unknown}
 o - 2 potions of haste {unknown}
Miscellaneous
 u - a legendary deck of destruction {drawn: 3}
 v - a plain deck of destruction {drawn: 1}
 w - a plain deck of summoning {drawn: 1}
Comestibles
 b - 6 bread rations
 n - 4 fruits
 p - 2 slices of pizza


   Skills:
 + Level 3.2 Fighting
 + Level 3.3 Dodging
 - Level 1.0 Stealth
 * Level 10.7 Unarmed Combat
 + Level 2.2 Invocations


You had 7 spell levels left.
You didn't know any spells.

Dungeon Overview and Level Annotations

Branches:
Dungeon (6/15)             Temple (1/1) D:4

Altars:
Cheibriados
Dithmenos
Elyvilon
Hepliaklqana
Nemelex Xobeh
Qazlal
Ru
Trog
Yredelemnul
The Shining One

Shops:
D:6 (


Innate Abilities, Weirdness & Mutations

You are too large for most types of armour.
You have claws for hands.
Your metabolism is lightning-fast.
You like to eat raw meat.
Your natural rate of healing is unusually fast.
You are covered in fur. (AC +1)
You have very tough skin. (AC +2)


Message History

You swap places.
An orc wizard comes into view. It is wielding a dagger.
The hellwing closely misses you. The hellwing hits you!
The orc throws a tomahawk.
The tomahawk hits you.
Your hell hound barely misses the hellwing.
The orc warrior hits you from afar with a halberd!
You see here a tomahawk.
You scratch the hellwing.
The hellwing is lightly wounded.
The hellwing hits you but does no damage.
The hellwing hits you.
Your hell hound bites the hellwing!
You mangle the hellwing!!
The hellwing is almost dead.
The hellwing hits you! x2
* * * LOW HITPOINT WARNING * * *
The orc hits you but does no damage.
Your hell hound barely misses the hellwing.
The orc warrior hits you from afar with a halberd!!
You die...
Your body disappears without a glow.

♣.∩.♣
#......## #.♣.
#.......# #..
#.....!.# #.#
#...(... #)#
#......#####.#
#.....o.?.)..#
#....oo####[)#
#[#@4)<..#
#g#h##.#.#
#.#....#.#
#.######.#
#.p.gg...#
##########


You could see a hellwing, an orc warrior, an orc wizard, an orc and a friendly
hell hound.

Vanquished Creatures
  Pikel (D:6)
  Grinder (D:5)
  Sigmund (D:3)
  An ice beast (D:5)
  4 slaves
  A centaur (D:5)
  2 gnoll sergeants
  A bullfrog (D:6)
  A scorpion (D:4)
  A howler monkey (D:5)
  A hound (D:3)
  An orc priest (D:4)
  A bullfrog skeleton (D:5)
  Terence (D:3)
  An orc wizard (D:4)
  Natasha (thrice) (D:2)
  3 worker ants
  Robin (D:3)
  A worker ant zombie (D:5)
  9 gnolls
  8 adders
  A howler monkey skeleton (D:4)
  An ooze (D:3)
  A dart slug (D:2)
  4 leopard geckos
  14 orcs
  A ball python (D:1)
  2 bats
  A giant cockroach (D:6)
  19 goblins
  15 hobgoblins
  9 jackals (D:4)
  7 kobolds
  3 quokkas
  5 frilled lizards
  6 rats
133 creatures vanquished.

Vanquished Creatures (collateral kills)
  An orc (D:6)
1 creature vanquished.

Vanquished Creatures (others)
  2 worker ants (D:5)
2 creatures vanquished.

Grand Total: 136 creatures vanquished

Notes
Turn   | Place    | Note
-------+----------+-------------------------------------------
     0 | D:1      | Minion the Troll Monk began the quest for the Orb.
     0 | D:1      | Reached XP level 1. HP: 22/22 MP: 0/0
   133 | D:1      | Reached XP level 2. HP: 24/29 MP: 1/1
   527 | D:2      | Reached skill level 4 in Unarmed Combat
   543 | D:2      | Noticed Natasha
   548 | D:2      | Killed Natasha
   548 | D:2      | Reached XP level 3. HP: 34/36 MP: 2/2
   548 | D:2      | Noticed Natasha
   555 | D:2      | Killed Natasha
   555 | D:2      | Reached XP level 4. HP: 43/44 MP: 3/3
   652 | D:2      | Found a shadowy altar of Dithmenos.
   753 | D:2      | Noticed Natasha
   756 | D:2      | Killed Natasha
   756 | D:2      | Reached skill level 5 in Unarmed Combat
  1387 | D:3      | Noticed Terence
  1394 | D:3      | Killed Terence
  1394 | D:3      | Reached XP level 5. HP: 44/50 MP: 4/4
  1407 | D:3      | Noticed Sigmund
  1411 | D:3      | Killed Sigmund
  1411 | D:3      | Reached skill level 6 in Unarmed Combat
  1411 | D:3      | Reached XP level 6. HP: 50/59 MP: 5/5
  1490 | D:3      | Reached skill level 7 in Unarmed Combat
  1491 | D:3      | Noticed Robin
  1545 | D:3      | Killed Robin
  2093 | D:3      | You fall through a shaft for 3 floors!
  2097 | D:6      | Noticed a slave
  2099 | D:6      | Noticed a slave
  2099 | D:6      | Noticed a slave
  2102 | D:6      | Noticed Pikel
  2103 | D:6      | Noticed a slave
  2117 | D:6      | Killed a slave
  2122 | D:6      | Killed a slave
  2145 | D:5      | Entered Level 5 of the Dungeon
  2149 | D:5      | Killed a slave
  2757 | D:4      | Reached skill level 8 in Unarmed Combat
  2776 | D:4      | Reached XP level 7. HP: 52/66 MP: 6/6
  3181 | D:4      | Found a staircase to the Ecumenical Temple.
  3195 | Temple   | Entered the Ecumenical Temple
  3317 | Temple   | Became a worshipper of Nemelex Xobeh the Trickster
  3317 | Temple   | Received a gift from Nemelex Xobeh
  3317 | Temple   | Received a gift from Nemelex Xobeh
  3317 | Temple   | Reached * piety under Nemelex Xobeh
  3317 | Temple   | Received a gift from Nemelex Xobeh
  3317 | Temple   | Reached ** piety under Nemelex Xobeh
  3477 | D:4      | You fall through a shaft!
  3478 | D:5      | Noticed Grinder
  3485 | D:5      | Killed Grinder
  3485 | D:5      | Reached skill level 9 in Unarmed Combat
  3573 | D:5      | Reached XP level 8. HP: 60/74 MP: 7/7
  3781 | D:5      | Reached skill level 10 in Unarmed Combat
  4021 | D:5      | Reached skill level 1 in Invocations
  4100 | D:5      | Found a white marble altar of Elyvilon.
  4220 | D:6      | Found Giel's Antique Weapon Shop.
  4267 | D:6      | Killed Pikel
  4325 | D:6      | Noticed a hellwing
  4331 | D:6      | Slain by an orc warrior

Vault maps used:
D:1:      dpeg_arrival_pits, minmay_distorted
D:2:      nicolae_dithmenos_through_a_glass_darkly, uniq_natasha
D:3:      first_bread, uniq_robin, uniq_sigmund, uniq_terence
D:4:      cheibrodos_greedy_goblins
D:5:      marbit_many_paths, uniq_grinder
D:6:      lemuel_doored_altar, serial_shops, nicolae_shop_trees,
          nicolae_shop_waterfront, uniq_pikel
Temple:   nicolae_temple_figure_eight

Skill      XL: |  1  2  3  4  5  6  7  8 |
---------------+-------------------------+-----
Unarmed Combat | 4 5 6 8 9 10 | 10.7
Invocations    | 2 |  2.2
Fighting       | 3 |  3.2
Dodging        | 3 |  3.3
Stealth        | |  1.0

Action                   |  1- 3 |  4- 6 |  7- 9 || total
-------------------------+-------+-------+-------++-------
Melee: Unarmed           |    60 |   171 |   109 ||   340
       Punch             |       |     3 |     4 ||     7
Evoke: Deck              |       |       |     5 ||     5
 Stab: Sleeping          |     4 |     5 |     2 ||    11
  Eat: Chunk             |     1 |    24 |    12 ||    37
       Bread ration      |       |     1 |       ||     1
       Beef jerky        |       |     1 |       ||     1
Armor: Robe              |    19 |    55 |    25 ||    99
Dodge: Dodged            |    22 |    70 |    51 ||   143
